 Dungeon Crawl Stone Soup version 0.27-a0-1312-g5cdb2b3542 (webtiles) character file.

Game seed: 2004502918001881785

7528 Demosthentine the Spear-Bearer (level 11, -9/89 HPs)
             Began as a Merfolk Gladiator on June 20, 2021.
             Was a Believer of the Shining One.
             Hit by a large rock thrown by a cyclops (14 damage)
             ... on level 11 of the Dungeon.
             The game lasted 00:11:03 (12114 turns).

Demosthentine the Spear-Bearer (Merfolk Gladiator) Turns: 12114, Time: 00:11:04

Health: -9/89      AC:  9    Str: 16    XL:     11   Next: 16%
Magic:  11/11      EV: 19    Int:  7    God:    the Shining One [**....]
Gold:   2549       SH:  4    Dex: 20    Spells: 10/10 levels left

rFire    + . .     SeeInvis .   h - +2 spear (venom)
rCold    . . .     Faith    .   (no shield)
rNeg     + . .     Spirit   .   z - +1 leather armour "Ehiliju" {rF+ Will+ Dex+2}
rPois    +         Reflect  .   (no helmet)
rElec    +         Harm     .   t - +2 cloak {rCorr}
rCorr    +         Rampage  .   k - +0 pair of gloves
Will     ++...                  (no boots)
Stlth    +.........             (no amulet)
HPRegen  0.24/turn              e - ring of willpower
MPRegen  0.12/turn              j - ring of poison resistance

@: unable to read, glowing
A: (nimble swimmer 2), mertail, large bone plates 1, low mp 1, screaming 1,
electricity resistance, inability to read while threatened, MP-powered wands
a: Renounce Religion, Divine Shield


You were on level 11 of the Dungeon.
You worshipped the Shining One.
The Shining One was pleased with you.
You visited 2 branches of the dungeon, and saw 12 of its levels.

You collected 2857 gold pieces.
You spent 308 gold pieces at shops.

Inventory:

Hand Weapons
 h - a +2 spear of venom (weapon)
 r - a +0 halberd
Missiles
 i - 7 atropa-tipped darts
 y - a throwing net (quivered)
Armour
 c - a +1 helmet
 d - a +0 buckler of protection
 k - a +0 pair of gloves (worn)
 t - a +2 cloak of preservation (worn)
 z - the +1 leather armour "Ehiliju" (worn) {rF+ Will+ Dex+2}
   (You bought it in a shop on level 10 of the Dungeon)

   It affects your dexterity (+2).
   It protects you from fire.
   It increases your willpower.
Jewellery
 e - a ring of willpower (left hand)
 j - a ring of poison resistance (right hand)
Wands
 g - a wand of flame (10)
 v - a wand of mindburst (11)
Scrolls
 b - a scroll of amnesia
 o - 3 scrolls of teleportation
 s - a scroll of identify
 u - 3 scrolls of enchant weapon
 w - a scroll of fog
 x - a scroll of enchant armour
Potions
 a - a potion of berserk rage
 f - 3 potions of lignification
 l - 3 potions of attraction
 m - a potion of curing
 n - 2 potions of haste


   Skills:
 + Level 9.4 Fighting
 + Level 12.4 Polearms
 - Level 2.0 Throwing
 - Level 5.9 Armour
 + Level 11.4 Dodging
 + Level 2.4 Shields
 + Level 2.7 Invocations


You had 10 spell levels left.
You didn't know any spells.
Your spell library contained the following spells:

 Spells                   Type           Power      Damage    Failure   Level
 Apportation              Tloc           0%         N/A       50%         1
 Beastly Appendage        Tmut           0%         N/A       50%         1
 Corona                   Hex            0%         N/A       50%         1
 Freeze                   Ice            0%         1d3       50%         1
 Magic Dart               Conj           0%         1d3       50%         1
 Blink                    Tloc           N/A        N/A       63%         2
 Call Imp                 Summ           0%         N/A       63%         2
 Ensorcelled Hibernation  Hex/Ice        0%         N/A       63%         2
 Slow                     Hex            0%         N/A       63%         2
 Wereblood                Tmut           0%         N/A       63%         2
 Confusing Touch          Hex            0%         N/A       86%         3
 Conjure Flame            Conj/Fire      0%         6-21      86%         3
 Dazzling Flash           Conj/Hex       0%         N/A       86%         3
 Frozen Ramparts          Ice            0%         1d2       86%         3
 Lesser Beckoning         Tloc           0%         N/A       86%         3
 Mephitic Cloud           Conj/Pois/Air  0%         N/A       86%         3
 Ozocubu's Armour         Ice            0%         N/A       86%         3
 Spider Form              Tmut/Pois      0%         N/A       86%         3
 Tukima's Dance           Hex            0%         N/A       86%         3
 Hailstorm                Conj/Ice       0%         3d3       99%         4
 Ice Form                 Ice/Tmut       0%         N/A       99%         4
 Alistair's Intoxication  Tmut/Pois      0%         N/A       100%        5
 Metabolic Englaciation   Hex/Ice        0%         N/A       100%        5
 Invisibility             Hex            0%         N/A       100%        6


Dungeon Overview and Level Annotations

Branches:
Dungeon (11/15)            Temple (1/1) D:6            Lair (0/6) D:10
    Orc (0/2) D:9

Altars:
Ashenzari
Cheibriados
Dithmenos
Elyvilon
Fedhas
Gozag
Hepliaklqana
Kikubaaqudgha
Makhleb
Nemelex Xobeh
Okawaru
Qazlal
Ru
Sif Muna
Trog
Uskayaw
Vehumet
Wu Jian
Xom
Yredelemnul
Zin
The Shining One
Beogh

Shops:
D:1 *   D:10 [

Annotations:
D:11 1 transporter, Atlas's ghost, journeyman DsIE


Innate Abilities, Weirdness & Mutations

((You are quick and stealthy near water. (Stealth+, EV+, Speed+++)))
Your lower body shifts to a powerful aquatic tail in water.
You are partially covered in large bone plates. (SH +4)
Your magical capacity is low. (-10% MP)
You occasionally shout uncontrollably at your foes.
You are resistant to electric shocks. (rElec)
You sometimes lose the ability to read scrolls when taking damage.
You expend magic power (3 MP) to strengthen your wands.


Message History

Found 21 sling bullets.
You reach to attack!
You hit the cyclops but do no damage.
The cyclops is poisoned.
Unknown command.
You reach to attack!
You hit the cyclops but do no damage.
The cyclops looks as sick as possible!
Unknown command.
You hit the cyclops.
The cyclops looks as sick as possible!
The cyclops is lightly wounded.
Unknown command.
You hit the cyclops but do no damage.
The cyclops is lightly wounded.
Unknown command.
You hit the cyclops but do no damage.
The cyclops looks as sick as possible!
The cyclops is lightly wounded.
The cyclops hits you!!
You feel threatened and lose the ability to read scrolls!
Unknown command.
You puncture the cyclops!
The cyclops looks as sick as possible!
The cyclops is moderately wounded.
You hit the cyclops but do no damage.
The cyclops looks as sick as possible!
The cyclops is moderately wounded.
Atlas's ghost threatens, "I'm fresh out of hellfire, but you will end anyway."
You hit the cyclops but do no damage.
The cyclops looks as sick as possible!
The cyclops is heavily wounded.
You hit the cyclops but do no damage.
The cyclops looks as sick as possible!
The cyclops is heavily wounded.
The cyclops hits you!
You hit the cyclops but do no damage.
The cyclops looks as sick as possible!
The cyclops is heavily wounded.
You hit the cyclops but do no damage.
The cyclops looks as sick as possible!
The cyclops is heavily wounded.
The cyclops hits you!
* * * LOW HITPOINT WARNING * * *
You hit the cyclops but do no damage.
The cyclops is heavily wounded.
The cyclops throws a large rock.
The large rock hits you!!
* * * LOW HITPOINT WARNING * * *
The cyclops throws a large rock.
The large rock hits you!
You die...

######'######
#............
#............
#............
#............
#####...+#######.
###.....©.......#
#...#########....
#.@##8.$!).8##...
#..#D........#...
#..#x##...##.#...
##.#R##...# .#.##
#########.#T...©....#.#
........C.#W##...## ..
..........#.# ..
..........#......
..........##8...


You could see a seven-headed hydra, a rakshasa, a deep troll, a cyclops
(extremely poisoned), an unseen horror (invisible) and Atlas's ghost.

Vanquished Creatures
  A two-headed ogre (D:10)
  A tengu warrior (D:9)
  A komodo dragon (D:10)
  A tengu conjurer (D:9)
  2 trolls (D:11)
  A hornet (D:9)
  Grinder (D:3)
  Sigmund (D:3)
  A vampire (D:9)
  A wyvern (D:8)
  A shadow (D:9)
  6 yaks (D:9)
  A water moccasin (D:6)
  4 black bears
  A sky beast (D:6)
  A hornet zombie (D:9)
  3 orc warriors
  2 ice beasts (D:7)
  2 ogres (D:5)
  3 centaurs
  A phantom (D:5)
  A wyvern zombie (D:7)
  3 bullfrogs
  A gnoll sergeant (D:8)
  A scorpion (D:4)
  A wyvern skeleton (D:5)
  5 wights (D:6)
  A vampire bat (D:6)
  2 howler monkeys (D:10)
  4 centaur zombies
  A bullfrog skeleton (D:5)
  3 gnoll shamans
  3 hounds
  5 orc priests
  2 jellies
  2 iguanas (D:4)
  7 orc wizards
  2 killer bee zombies
  A howler monkey zombie (D:7)
  20 gnolls
  A howler monkey skeleton (D:6)
  3 adders
  A white imp (D:6)
  4 ufetubi
  An adder skeleton (D:5)
  2 worms
  3 dart slugs
  24 orcs
  6 ball pythons
  9 bats
  3 endoplasms
  4 giant cockroaches
  5 goblins
  3 hobgoblins (D:1)
  13 jackals
  5 kobolds
  3 quokkas
  A frilled lizard (D:1)
  6 rats
198 creatures vanquished.

Vanquished Creatures (others)
  13 fungi (D:10)
  4 plants (D:10)
17 creatures vanquished.

Grand Total: 215 creatures vanquished

Notes
Turn   | Place    | Note
-------+----------+-------------------------------------------
     0 | D:1      | Demosthentine the Merfolk Gladiator began the quest for the
                  | Orb.
     0 | D:1      | Reached XP level 1. HP: 16/16 MP: 1/1
   261 | D:1      | Found Umauxt's General Store.
   296 | D:1      | Reached XP level 2. HP: 23/23 MP: 2/2
   407 | D:1      | Found a faded altar of an unknown god.
   820 | D:2      | Reached XP level 3. HP: 22/28 MP: 3/3
   932 | D:2      | Reached skill level 5 in Polearms
  1032 | D:2      | Reached skill level 1 in Armour
  1497 | D:3      | Found a shadowy altar of Dithmenos.
  1584 | D:3      | Reached XP level 4. HP: 34/34 MP: 4/4
  1705 | D:3      | Noticed Grinder
  1741 | D:3      | Killed Grinder
  1742 | D:3      | Reached skill level 6 in Polearms
  1742 | D:3      | Reached skill level 5 in Dodging
  1742 | D:3      | Reached XP level 5. HP: 9/42 MP: 5/5
  1742 | D:3      | Reached XP level 6. HP: 10/48 MP: 6/6
  2049 | D:3      | Noticed Sigmund
  2061 | D:3      | Killed Sigmund
  2228 | D:3      | Reached XP level 7. HP: 29/54 MP: 7/7
  2930 | D:4      | Reached skill level 7 in Polearms
  3231 | D:4      | Reached skill level 5 in Fighting
  3583 | D:5      | Entered Level 5 of the Dungeon
  3655 | D:5      | Reached XP level 8. HP: 54/62 MP: 8/8
  3806 | D:5      | Reached skill level 8 in Polearms
  4148 | D:5      | Identified the +2 leather armour of the King of the Hill
                  | {rElec Str+5 Int-4 Dex-4}
  4691 | D:6      | Reached skill level 9 in Polearms
  4815 | D:6      | Reached XP level 9. HP: 60/71 MP: 9/9
  4960 | D:6      | HP: 5/102 [wight (3)]
  5527 | D:6      | Found a staircase to the Ecumenical Temple.
  5596 | Temple   | Entered the Ecumenical Temple
  5601 | Temple   | Became a worshipper of the Shining One
  6670 | D:7      | Reached skill level 10 in Polearms
  7298 | D:7      | Identified the +4 chain mail "Caxocaag" {rElec rPois
                  | Slay+5}
  7365 | D:7      | Identified 3 scrolls of acquirement
  7365 | D:7      | Acquired 1272 gold pieces
  7367 | D:7      | Acquired a +2 cloak of preservation
  7374 | D:7      | Acquired 979 gold pieces
  8011 | D:8      | Reached skill level 5 in Armour
  8679 | D:9      | Reached XP level 10. HP: 73/80 MP: 10/10
  8702 | D:9      | Reached skill level 10 in Dodging
  8728 | D:9      | Reached skill level 11 in Polearms
  9114 | D:9      | Identified the +7 long sword of Jaisisku {freeze, rN+
                  | Will++ Dex+3 Stlth+}
  9136 | D:9      | Reached * piety under the Shining One
  9174 | D:9      | Found a staircase to the Orcish Mines.
  9836 | D:9      | The Shining One protects you from harm!
  9838 | D:9      | Gained mutation: You occasionally shout uncontrollably at
                  | your foes. [potion of mutation]
  9838 | D:9      | Gained mutation: You are partially covered in large bone
                  | plates. (SH +4) [potion of mutation]
  9838 | D:9      | Gained mutation: Your muscles are strong. (Str +2) [potion
                  | of mutation]
  9838 | D:9      | Gained mutation: You are strong-willed. (Will+) [potion of
                  | mutation]
 10169 | D:9      | Noticed a tengu warrior
 10218 | D:9      | Killed a tengu warrior
 10804 | D:9      | Lost mutation: You are strong-willed. (Will+) [potion of
                  | mutation]
 10804 | D:9      | Lost mutation: Your muscles are strong. (Str +2) [potion of
                  | mutation]
 10804 | D:9      | Gained mutation: You frequently scream uncontrollably at
                  | your foes. [potion of mutation]
 10804 | D:9      | Gained mutation: You have a pair of small antennae on your
                  | head. [potion of mutation]
 10804 | D:9      | Gained mutation: You are resistant to electric shocks.
                  | (rElec) [potion of mutation]
 10804 | D:9      | Gained mutation: Your mind is acute. (Int +2) [potion of
                  | mutation]
 10806 | D:9      | Lost mutation: Your mind is acute. (Int +2) [potion of
                  | mutation]
 10806 | D:9      | Lost mutation: You frequently scream uncontrollably at your
                  | foes. [potion of mutation]
 10806 | D:9      | Gained mutation: You are weak. (Str -2) [potion of
                  | mutation]
 10806 | D:9      | Gained mutation: Your system is resistant to poisons.
                  | (rPois) [potion of mutation]
 10807 | D:9      | Lost mutation: Your system is resistant to poisons. (rPois)
                  | [potion of mutation]
 10807 | D:9      | Lost mutation: You have a pair of small antennae on your
                  | head. [potion of mutation]
 10807 | D:9      | Lost mutation: You are weak. (Str -2) [potion of mutation]
 10807 | D:9      | Gained mutation: You expend magic power (3 MP) to
                  | strengthen your wands. [potion of mutation]
 10807 | D:9      | Gained mutation: You sometimes lose the ability to read
                  | scrolls when taking damage. [potion of mutation]
 10807 | D:9      | Gained mutation: Your magical capacity is low. (-10% MP)
                  | [potion of mutation]
 10843 | D:10     | Entered Level 10 of the Dungeon
 10875 | D:10     | Noticed a two-headed ogre
 10900 | D:10     | Killed a two-headed ogre
 10901 | D:10     | Reached skill level 12 in Polearms
 10901 | D:10     | Reached skill level 1 in Shields
 10901 | D:10     | Reached skill level 1 in Invocations
 10922 | D:10     | Reached XP level 11. HP: 31/89 MP: 9/11
 11103 | D:10     | Noticed a two-headed ogre
 11371 | D:10     | Found a staircase to the Lair.
 11599 | D:10     | Found Buma's Armour Shoppe.
 11607 | D:10     | Bought the +1 leather armour "Ehiliju" {rF+ Will+ Dex+2}
                  | for 308 gold pieces
 12065 | D:11     | Noticed a deep troll
 12068 | D:11     | Noticed Atlas's ghost (journeyman DsIE)
 12068 | D:11     | Noticed a seven-headed hydra
 12078 | D:11     | Found a transporter.
 12080 | D:11     | Noticed a rakshasa
 12081 | D:11     | Reached ** piety under the Shining One
 12082 | D:11     | Noticed a cyclops
 12111 | D:11     | HP: 4/89 [cyclops/large rock (19)]
 12114 | D:11     | Hit by a large rock thrown by a cyclops

Illustrated notes

Levels and vault maps discovered:
D:1:      minmay_arrival_glassed_features, layout_loops_ring,
          dilly_ecumenical_altar_fadedgnrine, serial_shops, shop,
          patterned_corridor
D:2:      layout_loops_cross
D:3:      layout_basic, nicolae_dithmenos_through_a_glass_darkly,
          nicolae_underground_beach, uniq_sigmund, uniq_grinder
D:4:      layout_loops_ring
D:5:      layout_loops_ring
D:6:      layout_rooms, minmay_temple_entry_poolview, roderic_batcave
D:7:      layout_loops_ring
D:8:      layout_basic, kennysheep_small_spiral
D:9:      layout_cave_pods, minmay_orc_entry_temple_small, serial_column_ruins,
          column_ruins_square_medium, column_ruins_hut_pillars,
          column_ruins_columns_straight, column_ruins_open_small,
          column_ruins_open_tiny, column_ruins_open_small,
          column_ruins_open_small, column_ruins_open_medium
D:10:     layout_basic, grunt_lair_entry_orc_guard_hut, serial_shops,
          nicolae_lakefront_shop
D:11:     layout_stronghold, gammafunk_ghost_arena
Temple:   nicolae_temple_the_god_donut

Skill      XL: |  1  2  3  4  5  6  7  8  9 10 11 |
---------------+----------------------------------+-----
Polearms       | 5 6 7 9 10 12 | 12.4
Armour         | 1 2 3 4 5 |  5.9
Fighting       | 3 4 5 6 7 9 |  9.4
Dodging        | 5 6 8 9 11 | 11.4
Shields        | 1 2 |  2.4
Invocations    | 1 2 |  2.7
Throwing       | |  2.0

Action                   |  1- 3 |  4- 6 |  7- 9 | 10-12 || total
-------------------------+-------+-------+-------+-------++-------
Melee: Trident           |    73 |       |       |       ||    73
       Spear             |     2 |    52 |   577 |   348 ||   979
Throw: Throwing net      |       |     1 |       |     5 ||     6
  Use: Scroll            |     4 |       |    13 |     4 ||    21
       Potion            |       |     3 |     1 |     8 ||    12
 Stab: Sleeping          |     4 |       |     1 |       ||     5
       Distracted        |     1 |       |     2 |       ||     3
Armor: Leather armour    |    14 |     3 |    84 |    55 ||   156
Dodge: Dodged            |    22 |    23 |   309 |   149 ||   503
Block: Other             |       |       |       |    14 ||    14

Table legend: (Time is in decaauts)
 A = Elapsed time spent in this place.
 B = Non-inter-level travel time spent in this place.
 C = Inter-level travel time spent in this place.
 D = Time resting spent in this place.
 E = Time spent auto-exploring this place.
 F = Levels seen in this place.
 G = Mean time per level.
                   A        B        C        D        E       F      G
               +--------+--------+--------+--------+--------+-----+--------+
         Total |  11522 |  11092 |    430 |     25 |   9652 |  12 |  960.2 |
       Dungeon |  11092 |  10663 |    429 |     25 |   9263 |  11 | 1008.4 |
        Temple |    429 |    429 |      0 |      0 |    389 |   1 |  429.0 |
               +--------+--------+--------+--------+--------+-----+--------+

Top non-repeatable levels by time:
     D:9: 2464 daAuts
     D:5: 1105 daAuts
     D:4: 1063 daAuts
     D:7: 1060 daAuts
     D:3: 1029 daAuts
     D:8: 965 daAuts
     D:6: 904 daAuts
    D:10: 883 daAuts
     D:1: 723 daAuts
     D:2: 716 daAuts
  Temple: 429 daAuts
    D:11: 176 daAuts
